 Dungeon Crawl Stone Soup version 0.18.1-8-gdd0e5ea (webtiles) character file.

34 Scarto the Skirmisher (level 3, -9/29 HPs)
             Began as a Demonspawn Fighter on June 6, 2016.
             Killed from afar by a white imp (13 damage)
             ... with a puff of frost
             ... summoned by Natasha
             ... on level 2 of the Dungeon.
             The game lasted 00:01:34 (857 turns).

Scarto the Skirmisher (Demonspawn Fighter)           Turns: 857, Time: 00:01:35

Health: -9/29      AC:  6    Str: 17    XL:     3   Next: 14%
Magic:  3/3        EV:  6    Int:  9    God:
Gold:   74         SH:  8    Dex: 12    Spells: 0 memorised, 2 levels left

rFire  + . .     SeeInvis .     a - +0 war axe
rCold  x . .     Gourm    .     b - +0 scale mail
rNeg   . . .     Faith    .     c - +0 shield
rPois  .         Spirit   .     (no helmet)
rElec  .         Dismiss  .     (no cloak)
rCorr  .         Reflect  .     (no gloves)
SustAt .         Harm     .     (no boots)
MR     .....                    (no amulet)
Stlth  ..........               (no ring)
                                l - ring of fire

@: not resistant to hostile enchantments, extremely unstealthy
A: hooves 1, demonic guardian 1
a: no special abilities


You were on level 2 of the Dungeon.
You were not hungry.

You visited 1 branch of the dungeon, and saw 2 of its levels.

You collected 74 gold pieces.

Inventory:

Hand Weapons
 a - a +0 war axe (weapon)
Armour
 b - a +0 scale mail (worn)
 c - a +0 shield (worn)
Jewellery
 l - a ring of fire (left hand)
Scrolls
 e - a scroll of fog {unknown}
 h - a scroll of identify {unknown}
 i - a scroll of fear {unknown}
 j - a scroll of remove curse {unknown}
 k - a scroll of noise {unknown}
Potions
 d - a potion of might
 g - a potion of haste {unknown}
Comestibles
 f - a bread ration
 m - a meat ration


   Skills:
 + Level 3.6 Fighting
 + Level 2.1 Axes
 + Level 3.1 Armour
 + Level 2.8 Shields


You had 2 spell levels left.
You didn't know any spells.

Dungeon Overview and Level Annotations

Branches:
Dungeon (2/15)

Altars:

Annotations:
D:2 Natasha


Innate Abilities, Weirdness & Mutations

You have large cloven feet.
A weak demonic guardian rushes to your aid.


Message History

You are too injured to fight recklessly!
You are too injured to fight recklessly!
You are too injured to fight recklessly!
You barely miss Natasha. You kick Natasha, but do no damage.
Natasha is moderately wounded.
Natasha mumbles some strange words.
You block the white imp's attack.
You closely miss Natasha.
Natasha is moderately wounded.
Your shield prevents you from hitting the white imp.
Natasha claws you but does no damage. The white imp gestures at you.
The puff of frost hits you!
You feel a terrible chill!
* * * LOW HITPOINT WARNING * * *
You miss Natasha. You kick Natasha, but do no damage.
Natasha is moderately wounded.
Your shield and scale mail prevent you from hitting the white imp.
Natasha casts a spell.
The white imp gestures at you. The puff of frost hits you!
You feel a terrible chill!
You die...

............###.#
............#...
.###........#.#.###.
##...............
#.......#.#.###.
.........#...
..#.......###.#
..#......5..#.#
#.....#@### #
......#h5......
.......5.......
....###..5.##.. ....
......# ... .....)#
......# .......#


You could see an iron imp, Natasha, a crimson imp, a white imp and a friendly
quasit.

Vanquished Creatures
  A worm (D:2)
  2 dart slugs (D:1)
  3 giant cockroaches
  5 goblins
  2 hobgoblins
  5 bats
  2 giant newts (D:2)
  3 kobolds (D:1)
  4 rats (D:1)
27 creatures vanquished.

Notes
Turn   | Place    | Note
--------------------------------------------------------------
     0 | D:1      | Scarto the Demonspawn Fighter began the quest for the Orb.
     0 | D:1      | Reached XP level 1. HP: 18/18 MP: 1/1
   167 | D:1      | Gained mutation: You have large cloven feet. [demonic ancestry]
   167 | D:1      | Reached XP level 2. HP: 24/24 MP: 2/2
   827 | D:2      | Gained mutation: A weak demonic guardian rushes to your aid. [demonic ancestry]
   827 | D:2      | Reached XP level 3. HP: 26/29 MP: 3/3
   850 | D:2      | Noticed Natasha
   857 | D:2      | Killed from afar by a white imp

Skill      XL: |  1  2 |
---------------+-------+-----
Axes           | 2 |  2.1
Armour         | 3 |  3.1
Fighting       | |  3.6
Shields        | |  2.8

Action                   || total
-------------------------++-------
Melee: War axe           ||    86
       Kick              ||    21
Armor: Scale mail        ||    43
Dodge: Dodged            ||    16
Block: Shield            ||    43
